 Dungeon Crawl Stone Soup version 0.22-a0-246-gdc04c06 (webtiles) character file.

213 b5mith the Skirmisher (level 5, 0/47 HPs)
             Began as a Minotaur Berserker on Feb 22, 2018.
             Was a Believer of Trog.
             Slain by a worker ant (2 damage)
             ... on level 3 of the Dungeon.
             The game lasted 00:04:31 (1731 turns).

b5mith the Skirmisher (Minotaur Berserker)          Turns: 1731, Time: 00:04:31

Health: 0/47       AC:  2    Str: 23    XL:     5   Next: 59%
Magic:  4/4        EV: 13    Int:  4    God:    Trog [**....]
Gold:   64         SH:  0    Dex:  9    Spells: 4/4 levels left

rFire    . . .     SeeInvis .   a - +0 mace
rCold    . . .     Gourm    .   (no shield)
rNeg     . . .     Faith    .   b - +0 animal skin
rPois    .         Spirit   .   (helmet restricted)
rElec    .         Reflect  .   (no cloak)
rCorr    .         Harm     .   (no gloves)
MR       .....                  (no boots)
Stlth    +.........             (no amulet)
HPRegen  0.15/turn              f - ring of flight
MPRegen  0.09/turn              (no ring)

@: lethally poisoned (0 -> -10), berserk cooldown, slowed, very slow
A: retaliatory headbutt, horns 2
a: Berserk, Trog's Hand, Renounce Religion, Evoke Flight


You were on level 3 of the Dungeon.
You worshipped Trog.
Trog was pleased with you.
You were hungry.

You visited 1 branch of the dungeon, and saw 4 of its levels.

You collected 64 gold pieces.

Inventory:

Hand Weapons
 a - a +0 mace (weapon)
Missiles
 e - 95 stones (quivered)
Armour
 b - a +0 animal skin (worn)
Jewellery
 f - a ring of flight (left hand)
Scrolls
 d - 2 scrolls of immolation {unknown}
 k - a scroll of teleportation {unknown}
 l - a scroll of amnesia {unknown}
 m - a scroll of identify {unknown}
 n - a scroll of noise {unknown}
 p - a scroll of fear {unknown}
Potions
 g - a potion of degeneration {unknown}
 h - a potion of curing {unknown}
 i - a potion of invisibility {unknown}
 o - 2 potions of heal wounds {unknown}
 q - a potion of brilliance {unknown}
 r - a potion of ambrosia {unknown}
Comestibles
 c - 10 rations
 j - a chunk of flesh


   Skills:
 + Level 4.9 Fighting
 + Level 4.9 Maces & Flails
 + Level 4.1 Armour
 + Level 3.7 Dodging


You had 4 spell levels left.
You didn't know any spells.

Dungeon Overview and Level Annotations

Branches:
Dungeon (4/15)
 Temple: D:4-7

Altars:
Vehumet

Annotations:
D:3 Grinder


Innate Abilities, Weirdness & Mutations

You reflexively headbutt those who attack you in melee.
You have a pair of horns on your head.


Message History

Trog accepts your kill.
You feel sick.
There is a stone staircase leading up here.
The worker ant bites you.
* * * LOW HITPOINT WARNING * * *
The worker ant closely misses you.
You climb upwards.
Level annotation: Grinder You feel sick.
There is a stone staircase leading down here.
You hit the worker ant but do no damage.
You headbutt the worker ant!
The worker ant is heavily wounded.
The worker ant bites you!
* * * LOW HITPOINT WARNING * * *
You are more poisoned.
The worker ant poisons you!
The worker ant waves its antennae.
The worker ant bites you.
You die...

......###...[....###.#.......#
..#...#....#.....###.+...⌠...+
..#.....(# #.....##..#.......# ##
....#...## # #.......#.⌠...⌠.##..
.<.#....# ###....##.#.......#...
........## #...#..##.####'####§.#
....###..###.###..............###
..#.#........#...a.....########
...............#@.....##
...#.<............#...(#
..............#..÷.###.#
......###..#....##.# .#
.........#.......#.# .#
......##....####.#.# .#
...##..#....# .... ...###.......
#### ...# ###..###


You could see a worker ant.

Vanquished Creatures
  A phantom (D:4)
  Terence (D:2)
  4 adders
  2 oozes (D:1)
  3 dart slugs
  2 leopard geckos (D:1)
  8 bats
  3 giant cockroaches
  7 goblins
  9 hobgoblins
  4 jackals
  2 frilled lizards (D:1)
  3 kobolds
  5 rats
54 creatures vanquished.

Notes
Turn   | Place    | Note
-------+----------+-------------------------------------------
     0 | D:1      | b5mith the Minotaur Berserker began the quest for the Orb.
     0 | D:1      | Reached XP level 1. HP: 19/19 MP: 0/0
    73 | D:1      | Reached XP level 2. HP: 18/27 MP: 1/1
   498 | D:1      | Reached XP level 3. HP: 30/33 MP: 2/2
   597 | D:1      | Reached ** piety under Trog
  1199 | D:2      | Found a faded altar of an unknown god.
  1238 | D:2      | Reached XP level 4. HP: 41/41 MP: 3/3
  1296 | D:2      | Found a radiant altar of Vehumet.
  1359 | D:2      | Noticed Terence
  1371 | D:2      | Killed Terence
  1671 | D:3      | Noticed Grinder
  1692 | D:4      | Noticed a phantom
  1705 | D:4      | Killed a phantom
  1705 | D:4      | Reached XP level 5. HP: 33/47 MP: 4/4
  1731 | D:3      | HP: 2/47 [worker ant (7)]
  1731 | D:3      | Slain by a worker ant

Vault maps used:
D:1:      saegor_arrival_simple_a, roderic_lattice_a
D:2:      overflow_temple_1_default, chequers_ecumenical_altar_island,
          uniq_terence
D:3:      minmay_fountain_box, uniq_grinder
D:4:      first_ration, uniq_ijyb, uniq_natasha

Skill      XL: |  1  2  3  4 |
---------------+-------------+-----
Maces & Flails | 4 |  4.9
Fighting       | 4 |  4.9
Armour         | 3 4 |  4.1
Dodging        | 3 |  3.7

Action                   |  1- 3 |  4- 6 || total
-------------------------+-------+-------++-------
Melee: Mace              |    75 |    44 ||   119
       Headbutt          |    10 |     5 ||    15
Throw: Stone             |       |     6 ||     6
Invok: Berserk           |       |     2 ||     2
 Stab: Sleeping          |     1 |       ||     1
  Eat: Chunk             |     1 |     3 ||     4
Armor: Animal skin       |    14 |     9 ||    23
Dodge: Dodged            |    54 |    37 ||    91

Table legend:
 A = Spawn XP
 B = Non-spawn XP
 C = Spawn XP percentage of total XP
 D = Spawn monster count
 E = Non-spawn monster count
 F = Spawn count percentage of total count
 G = Total turns spent on level
                    A         B        C        D         E        F      G
               +---------+---------+-------+---------+---------+-------+---------
         Total |       0 |     305 |   0.0 |       0 |      54 |   0.0 |  1731
               +---------+---------+-------+---------+---------+-------+---------
           D:1 |       0 |      62 |   0.0 |       0 |      27 |   0.0 |   997
           D:2 |       0 |     109 |   0.0 |       0 |      21 |   0.0 |   538
           D:3 |       0 |      15 |   0.0 |       0 |       3 |   0.0 |   154
           D:4 |       0 |     119 |   0.0 |       0 |       3 |   0.0 |    42
               +---------+---------+-------+---------+---------+-------+---------
